 Dungeon Crawl Stone Soup version 0.21.1-1-g345015fe64 (webtiles) character file.

57 Lavandula the Chopper (level 3, -1/46 HPs)
             Began as a Centaur Berserker on June 3, 2018.
             Was a Follower of Trog.
             Slain by Jessica
             ... wielding a +0 club
              (5 damage)
             ... on level 3 of the Dungeon.
             The game lasted 00:02:19 (434 turns).

Lavandula the Chopper (Centaur Berserker)            Turns: 434, Time: 00:02:20

Health: -1/46      AC:  4    Str: 25    XL:     3   Next: 73%
Magic:  3/3        EV:  9    Int:  6    God:    Trog [*.....]
Gold:   47         SH:  0    Dex:  8    Spells: 2/2 levels left

rFire    . . .     SeeInvis .   a - +0 hand axe
rCold    . . .     Gourm    .   (no shield)
rNeg     + . .     Faith    .   b - +0 animal skin
rPois    .         Spirit   .   (no helmet)
rElec    .         Reflect  .   (no cloak)
rCorr    .         Harm     .   (no gloves)
MR       .....                  (no barding)
Stlth    ..........             (no amulet)
HPRegen  0.15/turn              i - ring of positive energy
MPRegen  0.08/turn              (no ring)

@: berserking, very quick
A: large, hooves 3, deformed body, speed 2, tough skin 3
a: Berserk, Burn Spellbooks, Renounce Religion


You were on level 3 of the Dungeon.
You worshipped Trog.
Trog was aware of your devotion.
You were not hungry.

You visited 1 branch of the dungeon, and saw 3 of its levels.

You collected 47 gold pieces.

Inventory:

Hand Weapons
 a - a +0 hand axe (weapon)
 g - a +0 mace
Missiles
 d - 5 tomahawks (quivered)
Armour
 b - a +0 animal skin (worn)
Jewellery
 i - a ring of positive energy (left hand)
Potions
 e - 2 potions of lignification
 f - a potion of heal wounds {unknown}
 h - a potion of might {unknown}
 j - a potion of degeneration {unknown}
Comestibles
 c - 3 rations


   Skills:
 - Level 3.0 Fighting
 + Level 4.3 Axes
 - Level 1.3 Armour
 - Level 1.3 Dodging


You had 2 spell levels left.
You didn't know any spells.

Dungeon Overview and Level Annotations

Branches:
Dungeon (3/15)

Altars:

Annotations:
D:3 Jessica


Innate Abilities, Weirdness & Mutations

You have hooves in place of feet.
Armour fits poorly on your strangely shaped body.
You cover ground very quickly.
You have extremely tough skin. (AC +3)


Message History

Found 11 poisoned needles.
Jessica zaps a wand.
The puff of flame hits you!
It is a wand of flame (16).
You hit Jessica but do no damage. You kick Jessica!
Jessica is almost dead.
Jessica gestures at you while chanting. Pain shoots through your body!
Jessica zaps a wand.
The puff of flame hits you!
You are too injured to fight recklessly!
You hit Jessica but do no damage.
Jessica is almost dead.
Jessica hits you with a club.
* * * LOW HITPOINT WARNING * * *
Jessica hits you but does no damage.
You barely miss Jessica.
Jessica is almost dead.
Jessica hits you with a club.
* * * LOW HITPOINT WARNING * * *
A red film seems to cover your vision as you go berserk!
You feel yourself moving faster!
You feel mighty!
You feel a lot more hungry. Jessica hits you with a club.
You die...

#......... #. ...... #. #
#. .. .... #. #####...
#.## #.#..###. #...#.#.
... #.#...... #...#
(.###.# .#...####.
#...###.....#....#.....#.
##.......@................
#....# #.@.# .............
#....# ##..# ..@.........)
#....####..##.....(.......
#......................#..
#.###........##...#...###.
# #........# ...... #.
######..####.##### #.
#..........# ...
#..#........# .##.


You could see Jessica.

Vanquished Creatures
  3 gnolls (D:2)
  An ooze (D:1)
  A dart slug (D:1)
  A leopard gecko (D:2)
  2 giant cockroaches (D:2)
  2 goblins (D:1)
  2 hobgoblins
  4 jackals (D:2)
  A bat (D:3)
  2 kobolds
  3 rats
22 creatures vanquished.

Notes
Turn   | Place    | Note
-------+----------+-------------------------------------------
     0 | D:1      | Lavandula the Centaur Berserker began the quest for the Orb.
     0 | D:1      | Reached XP level 1. HP: 19/19 MP: 1/1
    65 | D:1      | Reached skill level 3 in Axes
    97 | D:1      | Reached XP level 2. HP: 24/26 MP: 2/2
   184 | D:2      | Reached XP level 3. HP: 31/31 MP: 3/3
   186 | D:2      | Reached skill level 4 in Axes
   411 | D:3      | Noticed Jessica
   434 | D:3      | Slain by Jessica

Skill      XL: |  1  2  3 |
---------------+----------+-----
Axes           | 3 4 |  4.3
Fighting       | |  3.0
Armour         | |  1.3
Dodging        | |  1.3

Action                   || total
-------------------------++-------
Melee: Hand axe          ||    19
       Kick              ||     9
       Mace              ||    41
Invok: Berserk           ||     2
  Use: Scroll            ||     3
Armor: Animal skin       ||    30
Dodge: Dodged            ||    22
